MLB
LOS ANGELES (N) DODGERS @ KANSAS CITY ROYALS
08/30/2041
 
TOP OF THE 1ST
Los Angeles (N) Dodgers batting - Pitching for Kansas City Royals : RHP Ben Brown
Pitching: RHP Ben Brown
Batting: RHB Rocky Hutchison 0-0: Ball
1-0: Ball
2-0: Called Strike
2-1: Ball
3-1: Base on Balls
Batting: LHB Sean Williams 0-0: SINGLE (Line Drive, 7S, EV 86.3 MPH)
Rocky Hutchison to second
Batting: SHB Gonzo Ganjahlez 0-0: Ball
1-0: Swinging Strike
1-1: Ball
2-1: Called Strike
2-2: Strikes out swinging
Batting: RHB Abraão Vicente 0-0: Ball
1-0: Ball
2-0: Swinging Strike
2-1: Ball
3-1: Foul Ball, location: 23F
3-2: Grounds into double play, 6-4-3 (Groundball, 6, EV 87.5 MPH)
Top of the 1st over - 0 runs, 1 hit, 0 errors, 1 left on base; Los Angeles (N) 0 - Kansas City 0
BOTTOM OF THE 1ST
Kansas City Royals batting - Pitching for Los Angeles (N) Dodgers : LHP Doug Burton
Pitching: LHP Doug Burton
Batting: LHB Joe Jacobson 0-0: Fly out, F7 (Line Drive, 7, EV 93.8 MPH)
Batting: LHB Kade Brown 0-0: Called Strike
0-1: Foul Ball, location: 25FF
0-2: Strikes out looking
Batting: LHB Luis Díaz 0-0: SINGLE (Groundball, 3D, EV 96.3 MPH)
Batting: RHB Jerry Hodge 0-0: Ball
1-0: Foul Ball, location: 9LDF
1-1: SINGLE (Line Drive, 7S, EV 95.0 MPH)
Luis Díaz to second
Batting: SHB Joseph Tornatore 0-0: Ball
1-0: Single, Error in OF, E9, batter to second base (Groundball, 34D, EV 101.3 MPH)
Luis Díaz scores
Jerry Hodge to third
Batting: RHB Jesús Rodríguez 0-0: Ball
1-0: Called Strike
1-1: Ball
2-1: Foul Ball, location: 2F
2-2: Strikes out swinging
Bottom of the 1st over - 1 run, 3 hits, 1 error, 2 left on base; Los Angeles (N) 0 - Kansas City 1
TOP OF THE 2ND
Los Angeles (N) Dodgers batting - Pitching for Kansas City Royals : RHP Ben Brown
Batting: RHB Luis Yagues 0-0: Ball
1-0: Ball
2-0: Ball
3-0: Called Strike
3-1: Fly out, F9 (Line Drive, 9S, EV 110.0 MPH)
Batting: RHB José Costa 0-0: Ball
1-0: Ball
2-0: Called Strike
2-1: Ground out U3 (Groundball, 34, EV 98.8 MPH)
Batting: RHB Lonnie Anderson 0-0: Foul Ball, location: 9LSF
0-1: Ball
1-1: Ball
2-1: Fly out, F9 (Line Drive, 9LM, EV 98.8 MPH)
Top of the 2nd over - 0 runs, 0 hits, 0 errors, 0 left on base; Los Angeles (N) 0 - Kansas City 1
BOTTOM OF THE 2ND
Kansas City Royals batting - Pitching for Los Angeles (N) Dodgers : LHP Doug Burton
Batting: RHB Augusto Guerra 0-0: Ball
1-0: Ball
2-0: Called Strike
2-1: SINGLE (Groundball, 5D, EV 97.5 MPH)
Batting: RHB Steve Anderson 0-0: Ball
1-0: Ball
2-0: Ball
3-0: Called Strike
3-1: Base on Balls
Augusto Guerra to second
Batting: RHB Humberto Benizi 0-0: Called Strike
0-1: Foul Ball, location: 3FF
0-2: Strikes out swinging
Batting: LHB Joe Jacobson 0-0: Ball
1-0: Called Strike
1-1: Ball
2-1: DOUBLE (Flyball, 78D, EV 107.5 MPH)
Augusto Guerra scores
Steve Anderson to third
Runner from 3rd tries for Home, SAFE, throw by CF to home
Batting: LHB Kade Brown 0-0: Called Strike
0-1: Foul Ball, location: 2F
0-2: Ball
1-2: Ball
2-2: Strikes out swinging
Batting: LHB Luis Díaz 0-0: Foul Ball, location: 2F
0-1: Ball
1-1: Ball
2-1: Called Strike
2-2: Foul Ball, location: 3F
2-2: Ball
3-2: Foul Ball, location: 2F
3-2: Base on Balls
Batting: RHB Jerry Hodge 0-0: Ball
1-0: Fielders Choice at 2nd, 6-4 (Groundball, 56, EV 86.9 MPH)
Bottom of the 2nd over - 2 runs, 2 hits, 0 errors, 2 left on base; Los Angeles (N) 0 - Kansas City 3
TOP OF THE 3RD
Los Angeles (N) Dodgers batting - Pitching for Kansas City Royals : RHP Ben Brown
Batting: SHB Leroy Brown 0-0: Ball
1-0: Ball
2-0: Called Strike
2-1: Ball
3-1: Base on Balls
Batting: RHB T.J. Greenham 0-0: Ball
1-0: Grounds into double play, 4-6-3 (Groundball, 4M, EV 90.0 MPH)
Batting: RHB Rocky Hutchison 0-0: Ground out 5-3 (Groundball, 5L, EV 88.1 MPH)
Top of the 3rd over - 0 runs, 0 hits, 0 errors, 0 left on base; Los Angeles (N) 0 - Kansas City 3
BOTTOM OF THE 3RD
Kansas City Royals batting - Pitching for Los Angeles (N) Dodgers : LHP Doug Burton
Batting: SHB Joseph Tornatore 0-0: Foul Ball, location: 2F
0-1: Swinging Strike
0-2: Ground out 5-3 (Groundball, 5S, EV 86.3 MPH)
Batting: RHB Jesús Rodríguez 0-0: Ball
1-0: Ball
2-0: Called Strike
2-1: Swinging Strike
2-2: Strikes out swinging
Batting: RHB Augusto Guerra 0-0: Ball
1-0: Ball
2-0: Fly out, F5 (Popup, 56, EV 64.4 MPH)
Bottom of the 3rd over - 0 runs, 0 hits, 0 errors, 0 left on base; Los Angeles (N) 0 - Kansas City 3
TOP OF THE 4TH
Los Angeles (N) Dodgers batting - Pitching for Kansas City Royals : RHP Ben Brown
Batting: LHB Sean Williams 0-0: Ball
1-0: Ball
2-0: Ball
3-0: Called Strike
3-1: Called Strike
3-2: Base on Balls
Batting: SHB Gonzo Ganjahlez 0-0: Ball
1-0: Foul Ball, location: 2F
1-1: Ball
2-1: Called Strike
2-2: Foul Ball, location: 2F
2-2: Strikes out looking
Sean Williams steals 2nd base
Batter strikes out.
Batting: RHB Abraão Vicente 0-0: Called Strike
0-1: Called Strike
0-2: Foul Ball, location: 7LMFF
0-2: Foul Ball, location: 2F
0-2: Ball
1-2: Ball
2-2: Foul Ball, location: 2LF
2-2: Ball
3-2: Foul Ball, location: 7LMF
3-2: DOUBLE (Line Drive, 7LS, EV 95.6 MPH)
Sean Williams scores
Batting: RHB Luis Yagues 0-0: Ball
1-0: Ground out 6-3 (Groundball, 6, EV 101.3 MPH)
Abraão Vicente to third
Batting: RHB José Costa 0-0: Foul Ball, location: 23F
0-1: Fly out, F3 (Popup, 23F, EV 85.6 MPH)
Top of the 4th over - 1 run, 1 hit, 0 errors, 1 left on base; Los Angeles (N) 1 - Kansas City 3
BOTTOM OF THE 4TH
Kansas City Royals batting - Pitching for Los Angeles (N) Dodgers : LHP Doug Burton
Batting: RHB Steve Anderson 0-0: Called Strike
0-1: Ball
1-1: Fly out, F8 (Flyball, 89M, EV 83.8 MPH)
Batting: RHB Humberto Benizi 0-0: Ball
1-0: Swinging Strike
1-1: Called Strike
1-2: Ball
2-2: Strikes out swinging
Batting: LHB Joe Jacobson 0-0: Ground out 4-3 (Groundball, 4, EV 77.5 MPH)
Bottom of the 4th over - 0 runs, 0 hits, 0 errors, 0 left on base; Los Angeles (N) 1 - Kansas City 3
TOP OF THE 5TH
Los Angeles (N) Dodgers batting - Pitching for Kansas City Royals : RHP Ben Brown
Batting: RHB Lonnie Anderson 0-0: Ball
1-0: Fly out, F9 (Line Drive, 9, EV 93.1 MPH)
Batting: SHB Leroy Brown 0-0: Swinging Strike
0-1: Ball
1-1: Swinging Strike
1-2: Fly out, F5 (Popup, 56S, EV 85.6 MPH)
Batting: RHB T.J. Greenham 0-0: Ball
1-0: Ball
2-0: Ball
3-0: Called Strike
3-1: Ground out U3 (Groundball, 34S, EV 81.9 MPH)
Top of the 5th over - 0 runs, 0 hits, 0 errors, 0 left on base; Los Angeles (N) 1 - Kansas City 3
BOTTOM OF THE 5TH
Kansas City Royals batting - Pitching for Los Angeles (N) Dodgers : LHP Doug Burton
Batting: LHB Kade Brown 0-0: Ball
1-0: Fly out, F8 (Flyball, 89S, EV 98.1 MPH)
Batting: LHB Luis Díaz 0-0: Ball
1-0: Fly out, F8 (Flyball, 89M, EV 85.6 MPH)
Batting: RHB Jerry Hodge 0-0: Fly out, F8 (Flyball, 8RM, EV 91.3 MPH)
Bottom of the 5th over - 0 runs, 0 hits, 0 errors, 0 left on base; Los Angeles (N) 1 - Kansas City 3
TOP OF THE 6TH
Los Angeles (N) Dodgers batting - Pitching for Kansas City Royals : RHP Ben Brown
Batting: RHB Rocky Hutchison 0-0: Ground out 5-3 (Groundball, 56S, EV 88.8 MPH)
Batting: LHB Sean Williams 0-0: Ball
1-0: Ground out 5-3 (Groundball, 56, EV 83.8 MPH)
Batting: SHB Gonzo Ganjahlez 0-0: Ball
1-0: Called Strike
1-1: Ball
2-1: Ball
3-1: Called Strike
3-2: Foul Ball, location: 3DF
3-2: SOLO HOME RUN (Flyball, 7D, EV 101.3 MPH), Distance : 387 ft
Batting: RHB Abraão Vicente 0-0: Fly out, F5 (Line Drive, 5, EV 66.3 MPH)
Top of the 6th over - 1 run, 1 hit, 0 errors, 0 left on base; Los Angeles (N) 2 - Kansas City 3
BOTTOM OF THE 6TH
Kansas City Royals batting - Pitching for Los Angeles (N) Dodgers : LHP Doug Burton
Pitching: RHP José Tobías
Batting: SHB Joseph Tornatore 0-0: Fly out, F7 (Flyball, 7S, EV 90.0 MPH)
Batting: RHB Jesús Rodríguez 0-0: DOUBLE (Flyball, 8LXD, EV 108.8 MPH)
Batting: RHB Augusto Guerra 0-0: Ball
1-0: Foul Ball, location: 2F
1-1: Ball
2-1: Ball
3-1: Called Strike
3-2: Foul Ball, location: 7LMF
3-2: Base on Balls
Batting: RHB Steve Anderson 0-0: Ball
1-0: Ball
2-0: Called Strike
2-1: Ball
3-1: Called Strike
3-2: Strikes out swinging
Batting: RHB Humberto Benizi 0-0: Ball
1-0: Ball
2-0: Ball
3-0: Called Strike
3-1: Foul Ball, location: 2F
3-2: Base on Balls
Jesús Rodríguez to third
Augusto Guerra to second
Batting: LHB Joe Jacobson 0-0: Foul Ball, location: 23F
0-1: Ball
1-1: Fielders Choice at 2nd, U6 (Groundball, 6M, EV 106.9 MPH)
Bottom of the 6th over - 0 runs, 1 hit, 0 errors, 3 left on base; Los Angeles (N) 2 - Kansas City 3
TOP OF THE 7TH
Los Angeles (N) Dodgers batting - Pitching for Kansas City Royals : RHP Ben Brown
Now in RF: Freddy López
Batting: RHB Luis Yagues 0-0: Ball
1-0: Fly out, F7 (Flyball, S2, EV 86.3 MPH)
Batting: RHB José Costa 0-0: Ball
1-0: DOUBLE (Flyball, 8RXD, EV 105.0 MPH)
Batting: RHB Lonnie Anderson 0-0: Called Strike
0-1: Ball
1-1: Fly out, F8 (Flyball, 8RM, EV 98.1 MPH)
Batting: SHB Leroy Brown 0-0: Ball
1-0: SINGLE (Line Drive, 9S, EV 95.6 MPH)
José Costa to third
Runner from 3rd tries for Home, SAFE, throw by RF to home
Batting: RHB T.J. Greenham 0-0: Ball
Leroy Brown steals 2nd base
1-0: Ball
2-0: Ball
3-0: Called Strike
3-1: Fly out, F7 (Flyball, 7LS, EV 77.5 MPH)
Top of the 7th over - 1 run, 2 hits, 0 errors, 1 left on base; Los Angeles (N) 3 - Kansas City 3
BOTTOM OF THE 7TH
Kansas City Royals batting - Pitching for Los Angeles (N) Dodgers : RHP José Tobías
Batting: LHB Kade Brown 0-0: Swinging Strike
0-1: Ground out 4-3 (Groundball, 4, EV 87.5 MPH)
Batting: LHB Luis Díaz 0-0: Swinging Strike
0-1: Foul Ball, location: 5FF
0-2: Foul Ball, location: 7LMF
0-2: Ground out 4-3 (Groundball, 4, EV 85.6 MPH)
Batting: RHB Jerry Hodge 0-0: Ball
1-0: Ball
2-0: Ball
3-0: Base on Balls
Batting: SHB Joseph Tornatore 0-0: Called Strike
0-1: Ball
1-1: Ground out U3 (Groundball, 3S, EV 71.3 MPH)
Bottom of the 7th over - 0 runs, 0 hits, 0 errors, 1 left on base; Los Angeles (N) 3 - Kansas City 3
TOP OF THE 8TH
Los Angeles (N) Dodgers batting - Pitching for Kansas City Royals : RHP Ben Brown
Pitching: LHP Tim Foster
Batting: RHB Rocky Hutchison 0-0: Ball
1-0: Called Strike
1-1: Ball
2-1: Ball
3-1: Ground out 4-3 (Groundball, 4, EV 105.0 MPH)
Batting: LHB Sean Williams 0-0: Ball
1-0: Called Strike
1-1: Called Strike
1-2: Ball
2-2: Ground out 4-3 (Groundball, 4, EV 104.4 MPH)
Batting: SHB Gonzo Ganjahlez 0-0: Called Strike
0-1: Foul Ball, location: 9LDF
0-2: Ball
1-2: Ball
2-2: Ball
3-2: Strikes out looking
Top of the 8th over - 0 runs, 0 hits, 0 errors, 0 left on base; Los Angeles (N) 3 - Kansas City 3
BOTTOM OF THE 8TH
Kansas City Royals batting - Pitching for Los Angeles (N) Dodgers : RHP José Tobías
Pitching: RHP Jeff Clark
Pinch Hitting: LHB Tomás Rodríguez 0-0: Ball
1-0: Foul Ball, location: 2LF
1-1: Ball
2-1: SINGLE (Groundball, 4MD, EV 103.1 MPH)
Batting: RHB Augusto Guerra 0-0: Foul Ball, location: 3FF
0-1: Swinging Strike
0-2: Ball
1-2: Strikes out swinging
Batting: RHB Steve Anderson 0-0: Ball
Tomás Rodríguez steals 2nd base
1-0: Intentional Walk
Batting: RHB Humberto Benizi 0-0: Ball
1-0: Ball
2-0: Foul Ball, location: 3DF
2-1: Called Strike
2-2: Strikes out looking
Batting: LHB Freddy López 0-0: Called Strike
0-1: Ball
1-1: Ball
2-1: Swinging Strike
2-2: Foul Ball, location: 2F
2-2: Strikes out swinging
Bottom of the 8th over - 0 runs, 1 hit, 0 errors, 2 left on base; Los Angeles (N) 3 - Kansas City 3
TOP OF THE 9TH
Los Angeles (N) Dodgers batting - Pitching for Kansas City Royals : LHP Tim Foster
Now at 1B: Tomás Rodríguez
Batting: RHB Abraão Vicente 0-0: Ground out 5-3 (Groundball, 56S, EV 65.6 MPH)
Batting: RHB Luis Yagues 0-0: SINGLE (Line Drive, 5D, EV 105.6 MPH)
Batting: RHB José Costa 0-0: Ball
1-0: Swinging Strike
1-1: Foul Ball, location: 2F
1-2: Strikes out looking
Batting: RHB Lonnie Anderson 0-0: Ball
1-0: Ball
2-0: Swinging Strike
2-1: Called Strike
2-2: Foul Ball, location: 2F
2-2: Strikes out swinging
Top of the 9th over - 0 runs, 1 hit, 0 errors, 1 left on base; Los Angeles (N) 3 - Kansas City 3
BOTTOM OF THE 9TH
Kansas City Royals batting - Pitching for Los Angeles (N) Dodgers : RHP Jeff Clark
Batting: LHB Kade Brown 0-0: Ball
1-0: Foul Ball, location: 2F
1-1: Swinging Strike
1-2: Ball
2-2: Fly out, F5 (Popup, 5SF, EV 72.5 MPH)
Batting: LHB Luis Díaz 0-0: Swinging Strike
0-1: Ball
1-1: Called Strike
1-2: Ball
2-2: Foul Ball, location: 2F
2-2: Strikes out swinging
Batting: RHB Jerry Hodge 0-0: Called Strike
0-1: Ball
1-1: Called Strike
1-2: Fly out, F8 (Flyball, 8LS, EV 93.8 MPH)
Bottom of the 9th over - 0 runs, 0 hits, 0 errors, 0 left on base; Los Angeles (N) 3 - Kansas City 3
TOP OF THE 10TH
Los Angeles (N) Dodgers batting - Pitching for Kansas City Royals : LHP Tim Foster
Lonnie Anderson starts the inning at 2nd base.
Batting: SHB Leroy Brown 0-0: Intentional Walk
Pitching: RHP Andy McClendon
Batting: RHB T.J. Greenham 0-0: Called Strike
Lonnie Anderson is caught stealing 3rd base 2-5
0-1: Called Strike
0-2: Ball
1-2: Strikes out swinging
Batting: RHB Rocky Hutchison 0-0: Ball
1-0: Foul Ball, location: 2F
1-1: Fly out, F9 (Flyball, 9LS, EV 85.6 MPH)
Top of the 10th over - 0 runs, 0 hits, 0 errors, 1 left on base; Los Angeles (N) 3 - Kansas City 3
BOTTOM OF THE 10TH
Kansas City Royals batting - Pitching for Los Angeles (N) Dodgers : RHP Jeff Clark
Jerry Hodge starts the inning at 2nd base.
Pitching: RHP Alex Myers
Batting: SHB Joseph Tornatore 0-0: Ball
1-0: Called Strike
1-1: Ball
2-1: Ball
3-1: Foul Ball, location: 3FF
3-2: Fly out, F8 (Flyball, 8RS, EV 86.3 MPH)
Batting: LHB Tomás Rodríguez 0-0: Intentional Walk
Batting: RHB Augusto Guerra 0-0: Fly out, F5 (Popup, 5SF, EV 65.6 MPH)
Batting: RHB Steve Anderson 0-0: Called Strike
0-1: Called Strike
0-2: Ball
1-2: Foul Ball, location: 3F
1-2: Strikes out swinging
Bottom of the 10th over - 0 runs, 0 hits, 0 errors, 2 left on base; Los Angeles (N) 3 - Kansas City 3
TOP OF THE 11TH
Los Angeles (N) Dodgers batting - Pitching for Kansas City Royals : RHP Andy McClendon
Rocky Hutchison starts the inning at 2nd base.
Batting: LHB Sean Williams 0-0: Foul Ball, location: 5SF
0-1: Ball
1-1: Foul Ball, location: 7LSF
1-2: Ball
2-2: Foul Ball, location: 2F
2-2: Ball
3-2: Base on Balls
Batting: SHB Gonzo Ganjahlez 0-0: Ball
1-0: Called Strike
1-1: Foul Ball, location: 7LDF
1-2: Foul Ball, location: 2F
1-2: Strikes out swinging
Batting: RHB Abraão Vicente 0-0: Ball
1-0: Ball
2-0: Foul Ball, location: 5SF
2-1: Ball
3-1: Swinging Strike
3-2: Foul Ball, location: 9LSF
3-2: SINGLE (Groundball, 6M, EV 97.5 MPH) (infield hit)
Rocky Hutchison to third
Sean Williams to second
Batting: RHB Luis Yagues 0-0: Foul Ball, location: 2F
0-1: Ball
1-1: Called Strike
1-2: Ball
2-2: Foul Ball, location: 9LSF
2-2: Ball
3-2: Strikes out swinging
Pitching: RHP Ismael González
Batting: RHB José Costa 0-0: Ball
1-0: Foul Ball, location: 9LMF
1-1: Ball
2-1: Foul Ball, location: 7LMF
2-2: Ball
3-2: Foul Ball, location: 2F
3-2: Fly out, F3 (Popup, 3F, EV 71.3 MPH)
Top of the 11th over - 0 runs, 1 hit, 0 errors, 3 left on base; Los Angeles (N) 3 - Kansas City 3
BOTTOM OF THE 11TH
Kansas City Royals batting - Pitching for Los Angeles (N) Dodgers : RHP Alex Myers
Steve Anderson starts the inning at 2nd base.
Batting: RHB Humberto Benizi 0-0: Swinging Strike
0-1: Called Strike
0-2: Ball
1-2: Strikes out swinging
Batting: LHB Freddy López 0-0: Foul Ball, location: 2F
0-1: Ball
1-1: Ground out 5-3 (Groundball, 56, EV 98.8 MPH)
Steve Anderson to third
Batting: LHB Kade Brown 0-0: Swinging Strike
0-1: Swinging Strike
0-2: Ball
1-2: Foul Ball, location: 2F
1-2: Ball
2-2: Foul Ball, location: 2F
2-2: Strikes out swinging
Bottom of the 11th over - 0 runs, 0 hits, 0 errors, 1 left on base; Los Angeles (N) 3 - Kansas City 3
TOP OF THE 12TH
Los Angeles (N) Dodgers batting - Pitching for Kansas City Royals : RHP Ismael González
José Costa starts the inning at 2nd base.
Batting: RHB Lonnie Anderson 0-0: Called Strike
0-1: Ball
1-1: Ball
2-1: Called Strike
2-2: Strikes out swinging
Batting: SHB Leroy Brown 0-0: Ball
1-0: Foul Ball, location: 7LSF
1-1: Ball
2-1: Foul Ball, location: 2F
2-2: Foul Ball, location: 5FF
2-2: SINGLE (Groundball, 34D, EV 101.9 MPH)
José Costa to third
Runner from 3rd tries for Home, SAFE, throw by RF to home
Batting: RHB T.J. Greenham 0-0: Ball
1-0: Called Strike
1-1: Foul Ball, location: 5SF
1-2: Ball
2-2: Foul Ball, location: 2RF
2-2: Ball
3-2: Base on Balls
Leroy Brown to second
Batting: RHB Rocky Hutchison 0-0: Foul Ball, location: 9LMF
0-1: SINGLE (Groundball, 4D, EV 106.9 MPH)
Leroy Brown to third
T.J. Greenham to second
Runner from 3rd tries for Home, throw by CF and OUT! 8-2
Batting: LHB Sean Williams 0-0: Ball
1-0: SINGLE (Groundball, 4S, EV 69.4 MPH) (infield hit)
T.J. Greenham to third
Rocky Hutchison to second
Batting: SHB Gonzo Ganjahlez 0-0: Foul Ball, location: 2F
0-1: Ball
1-1: Ball
2-1: Ball
3-1: Called Strike
3-2: Strikes out swinging
Top of the 12th over - 1 run, 3 hits, 0 errors, 3 left on base; Los Angeles (N) 4 - Kansas City 3
BOTTOM OF THE 12TH
Kansas City Royals batting - Pitching for Los Angeles (N) Dodgers : RHP Alex Myers
Kade Brown starts the inning at 2nd base.
Batting: LHB Luis Díaz 0-0: Foul Ball, location: 2F
0-1: Foul Ball, location: 3DF
0-2: Ball
1-2: Strikes out swinging, 2-3 out at first.
Batting: RHB Jerry Hodge 0-0: Fly out, F7 (Flyball, 7, EV 93.1 MPH)
Pitching: RHP Rhett Hawkins
Batting: SHB Joseph Tornatore 0-0: Ball
1-0: Ground out 4-3 (Groundball, 4, EV 96.9 MPH)
Bottom of the 12th over - 0 runs, 0 hits, 0 errors, 1 left on base; Los Angeles (N) 4 - Kansas City 3
Sunday, March 24th , 2024 - OOTP Baseball 24.10 Build 82